TOP OF THE 1ST |
Lowell Spinners batting - Pitching for Chicago (NYP) White Sox : RHP Derrick Easley
|
Pitching: RHP Derrick Easley
|
|
Batting: RHB Billy Ratz
|
0-0: Called Strike 0-1: Swinging Strike 0-2: Ball 1-2: Ground out 3-1 (Groundball, 34S, EV 80.6 MPH)
|
Batting: LHB Nelis Geurts
|
0-0: Ball 1-0: Called Strike 1-1: Swinging Strike 1-2: Ball 2-2: Foul Ball, location: 2F 2-2: Fly out, F8 (Flyball, 78S, EV 85.0 MPH)
|
Batting: RHB Tommy Boudreaux
|
0-0: Ball 1-0: Called Strike 1-1: Swinging Strike 1-2: Foul Ball, location: 2F 1-2: Ball 2-2: Ball 3-2: Base on Balls
|
Batting: LHB Noel Young
|
0-0: Ball 1-0: Fly out, F8 (Line Drive, 8LM, EV 98.8 MPH)
|
Top of the 1st over - 0 runs, 0 hits, 0 errors, 1 left on base; Lowell 0 - Chicago (NYP) 0 |
BOTTOM OF THE 1ST |
Chicago (NYP) White Sox batting - Pitching for Lowell Spinners : RHP Efrain Nunez
|
Pitching: RHP Efrain Nunez
|
|
Batting: RHB Emil Wilbrink
|
0-0: Called Strike 0-1: SINGLE (Groundball, 34D, EV 100.6 MPH)
|
Batting: RHB Jeremy Hoffert
|
0-0: Ball Emil Wilbrink steals 2nd base 1-0: TRIPLE (Line Drive, 8LXD, EV 103.8 MPH) Emil Wilbrink scores
|
Batting: RHB Dusty Ballard
|
0-0: Ground out 5-3 (Groundball, 56, EV 87.5 MPH) Jeremy Hoffert scores
|
Batting: LHB Brandon Hopper
|
0-0: Ball 1-0: Foul Ball, location: 2F 1-1: Called Strike 1-2: Ball 2-2: Foul Ball, location: 2F 2-2: Ball 3-2: Fly out, F7 (Flyball, 7D, EV 96.9 MPH)
|
Batting: LHB Jason Bell
|
0-0: Called Strike 0-1: Ball 1-1: Ball 2-1: Foul Ball, location: 2F 2-2: DOUBLE (Line Drive, 5D, EV 100.0 MPH)
|
Batting: LHB Wes Goscinski
|
0-0: Called Strike 0-1: Ball 1-1: Ball 2-1: Foul Ball, location: 2F 2-2: Ball 3-2: DOUBLE (Flyball, 8RXD, EV 103.1 MPH) Jason Bell scores
|
Batting: LHB James Groshong
|
0-0: Called Strike 0-1: Ball 1-1: Foul Ball, location: 2F 1-2: Ball 2-2: SINGLE (Groundball, 6S, EV 68.1 MPH) (infield hit) Wes Goscinski to third
|
Batting: SHB Jason Bresnahan
|
0-0: Ball 1-0: Ground out 4-3 (Groundball, 4, EV 88.1 MPH)
|
Bottom of the 1st over - 3 runs, 5 hits, 0 errors, 2 left on base; Lowell 0 - Chicago (NYP) 3 |
TOP OF THE 2ND |
Lowell Spinners batting - Pitching for Chicago (NYP) White Sox : RHP Derrick Easley
|
Batting: RHB Joel Vazquez
|
0-0: Called Strike 0-1: Swinging Strike 0-2: Ball 1-2: Ball 2-2: Ball 3-2: Foul Ball, location: 2F 3-2: SOLO HOME RUN (Line Drive, 78XD, EV 116.2 MPH), Distance : 445 ft
|
Batting: LHB Danny Montoya
|
0-0: Called Strike 0-1: Ball 1-1: Swinging Strike 1-2: Ball 2-2: Strikes out swinging
|
Batting: RHB Jose Diaz
|
0-0: DOUBLE (Line Drive, 7LM, EV 105.6 MPH)
|
Batting: RHB Nick Cottrell
|
0-0: Ball 1-0: Ball 2-0: Foul Ball, location: 2F 2-1: Swinging Strike 2-2: Foul Ball, location: 2F 2-2: Foul Ball, location: 2F 2-2: Strikes out swinging
|
Batting: RHB Bobby Schimke
|
0-0: Called Strike 0-1: Swinging Strike 0-2: Ball 1-2: Strikes out swinging
|
Top of the 2nd over - 1 run, 2 hits, 0 errors, 1 left on base; Lowell 1 - Chicago (NYP) 3 |
BOTTOM OF THE 2ND |
Chicago (NYP) White Sox batting - Pitching for Lowell Spinners : RHP Efrain Nunez
|
Batting: RHB David Laureano
|
0-0: TRIPLE (Line Drive, 78XD, EV 108.8 MPH)
|
Batting: RHB Emil Wilbrink
|
0-0: Swinging Strike 0-1: Ball 1-1: Fly out, F6 (Popup, P, EV 75.6 MPH)
|
Batting: RHB Jeremy Hoffert
|
0-0: Called Strike 0-1: Swinging Strike 0-2: SINGLE (Groundball, 5L, EV 108.1 MPH) (infield hit) David Laureano scores
|
Batting: RHB Dusty Ballard
|
0-0: Ball Jeremy Hoffert steals 2nd base (no throw) 1-0: Ball 2-0: SINGLE (Line Drive, 34D, EV 106.9 MPH) Jeremy Hoffert to third Runner from 3rd tries for Home, SAFE, throw by RF to home
|
Batting: LHB Brandon Hopper
|
0-0: Ball Dusty Ballard steals 2nd base (no throw) 1-0: Called Strike 1-1: Ball 2-1: Ball 3-1: DOUBLE (Line Drive, 89M, EV 93.1 MPH) Dusty Ballard scores
|
Pitching: RHP Ricardo Bautista
|
|
Batting: LHB Jason Bell
|
0-0: Ball 1-0: Called Strike 1-1: Ground out 6-3 (Groundball, 4MS, EV 90.6 MPH) Brandon Hopper to third
|
Batting: LHB Wes Goscinski
|
0-0: Ball 1-0: Called Strike 1-1: Called Strike 1-2: Strikes out swinging
|
Bottom of the 2nd over - 3 runs, 4 hits, 0 errors, 1 left on base; Lowell 1 - Chicago (NYP) 6 |
TOP OF THE 3RD |
Lowell Spinners batting - Pitching for Chicago (NYP) White Sox : RHP Derrick Easley
|
Batting: RHB Billy Ratz
|
0-0: Ball 1-0: Swinging Strike 1-1: Foul Ball, location: 2F 1-2: Ball 2-2: Ball 3-2: Strikes out looking
|
Batting: LHB Nelis Geurts
|
0-0: Ball 1-0: SINGLE (Groundball, 6D, EV 101.9 MPH)
|
Batting: RHB Tommy Boudreaux
|
0-0: Ball 1-0: Ball 2-0: Called Strike 2-1: Called Strike Pickoff Throw to First - Out! 1-3 2-2: Strikes out swinging
|
Top of the 3rd over - 0 runs, 1 hit, 0 errors, 0 left on base; Lowell 1 - Chicago (NYP) 6 |
BOTTOM OF THE 3RD |
Chicago (NYP) White Sox batting - Pitching for Lowell Spinners : RHP Ricardo Bautista
|
Batting: LHB James Groshong
|
0-0: Ball 1-0: Ball 2-0: Swinging Strike 2-1: Ball 3-1: Foul Ball, location: 2F 3-2: Foul Ball, location: 2F 3-2: Strikes out swinging, 2-3 out at first.
|
Batting: SHB Jason Bresnahan
|
0-0: Ball 1-0: Fly out, F6 (Line Drive, 6, EV 70.0 MPH)
|
Batting: RHB David Laureano
|
0-0: Ground out 5-3 (Groundball, 56, EV 100.0 MPH)
|
Bottom of the 3rd over - 0 runs, 0 hits, 0 errors, 0 left on base; Lowell 1 - Chicago (NYP) 6 |
TOP OF THE 4TH |
Lowell Spinners batting - Pitching for Chicago (NYP) White Sox : RHP Derrick Easley
|
Batting: LHB Noel Young
|
0-0: Ball 1-0: Ball 2-0: Fly out, F7 (Flyball, 78S, EV 83.8 MPH)
|
Batting: RHB Joel Vazquez
|
0-0: Ball 1-0: Foul Ball, location: 2F 1-1: Ball 2-1: Foul Ball, location: 2F 2-2: Foul Ball, location: 2F 2-2: Ball 3-2: Base on Balls
|
Batting: LHB Danny Montoya
|
0-0: SINGLE (Groundball, 34D, EV 100.6 MPH) Joel Vazquez to second Runner from 2nd tries for 3rd, OUT! 9-5 Danny Montoya to second
|
Batting: RHB Jose Diaz
|
0-0: Swinging Strike 0-1: Called Strike 0-2: Ball 1-2: Ball 2-2: Ball 3-2: Strikes out looking
|
Top of the 4th over - 0 runs, 1 hit, 0 errors, 1 left on base; Lowell 1 - Chicago (NYP) 6 |
BOTTOM OF THE 4TH |
Chicago (NYP) White Sox batting - Pitching for Lowell Spinners : RHP Ricardo Bautista
|
Batting: RHB Emil Wilbrink
|
0-0: Ball 1-0: Ball 2-0: Foul Ball, location: 2F 2-1: TRIPLE (Line Drive, 78XD, EV 109.4 MPH)
|
Batting: RHB Jeremy Hoffert
|
0-0: Ball 1-0: Ball 2-0: Ball 3-0: Foul Ball, location: 2F 3-1: Base on Balls
|
Batting: RHB Dusty Ballard
|
0-0: Called Strike 0-1: Foul Ball, location: 2F 0-2: Ball 1-2: Foul Ball, location: 2F 1-2: Ball 2-2: Fielders Choice at 2nd, 4-6 (Groundball, 34, EV 89.4 MPH) Emil Wilbrink scores
|
Batting: LHB Brandon Hopper
|
0-0: Called Strike 0-1: Ball 1-1: SINGLE (Line Drive, 56D, EV 93.8 MPH) Dusty Ballard to second
|
Batting: LHB Jason Bell
|
0-0: Ball 1-0: 3-RUN HOME RUN (Flyball, 89XD, EV 111.9 MPH), Distance : 430 ft
|
Batting: LHB Wes Goscinski
|
0-0: Swinging Strike 0-1: Swinging Strike 0-2: Ball 1-2: Strikes out swinging
|
Batting: LHB James Groshong
|
0-0: Ball 1-0: Ball 2-0: Called Strike 2-1: Ground out 6-3 (Groundball, 56, EV 85.6 MPH)
|
Bottom of the 4th over - 4 runs, 3 hits, 0 errors, 0 left on base; Lowell 1 - Chicago (NYP) 10 |
TOP OF THE 5TH |
Lowell Spinners batting - Pitching for Chicago (NYP) White Sox : RHP Derrick Easley
|
Batting: RHB Nick Cottrell
|
0-0: Ball 1-0: Ball 2-0: Swinging Strike 2-1: Swinging Strike 2-2: Strikes out swinging
|
Batting: RHB Bobby Schimke
|
0-0: Called Strike 0-1: Swinging Strike 0-2: Strikes out looking
|
Batting: RHB Billy Ratz
|
0-0: Swinging Strike 0-1: Called Strike 0-2: Ball 1-2: Strikes out swinging
|
Top of the 5th over - 0 runs, 0 hits, 0 errors, 0 left on base; Lowell 1 - Chicago (NYP) 10 |
BOTTOM OF THE 5TH |
Chicago (NYP) White Sox batting - Pitching for Lowell Spinners : RHP Ricardo Bautista
|
Batting: SHB Jason Bresnahan
|
0-0: Ball 1-0: Called Strike 1-1: Ball 2-1: DOUBLE (Line Drive, 89XD, EV 102.5 MPH)
|
Batting: RHB David Laureano
|
0-0: DOUBLE (Groundball, 5L, EV 97.5 MPH) Jason Bresnahan scores
|
Batting: RHB Emil Wilbrink
|
0-0: Called Strike 0-1: SINGLE (Groundball, 25, EV 69.4 MPH) (infield hit) David Laureano to third
|
Batting: RHB Jeremy Hoffert
|
0-0: Ball 1-0: Ball 2-0: Ball 3-0: Base on Balls Emil Wilbrink to second
|
Batting: RHB Dusty Ballard
|
0-0: Called Strike 0-1: Fielders Choice at 2nd, 6-4 (Groundball, 6, EV 80.0 MPH) David Laureano scores Emil Wilbrink to third
|
Batting: LHB Brandon Hopper
|
0-0: Ball 1-0: Swinging Strike 1-1: Swinging Strike 1-2: Ball 2-2: Foul Ball, location: 2F 2-2: Strikes out swinging
|
Batting: LHB Jason Bell
|
0-0: Ground out 5-3 (Groundball, 56S, EV 71.2 MPH)
|
Bottom of the 5th over - 2 runs, 3 hits, 0 errors, 2 left on base; Lowell 1 - Chicago (NYP) 12 |
TOP OF THE 6TH |
Lowell Spinners batting - Pitching for Chicago (NYP) White Sox : RHP Derrick Easley
|
Pitching: RHP Mike Cartwright
|
|
Batting: LHB Nelis Geurts
|
0-0: Ball 1-0: Called Strike 1-1: Ball 2-1: Reached on error, E1 (Groundball, 25, EV 62.5 MPH)
|
Batting: RHB Tommy Boudreaux
|
0-0: Ball 1-0: Ball 2-0: Fielders Choice at 2nd, 3-6 (Groundball, 34, EV 105.0 MPH)
|
Batting: LHB Noel Young
|
0-0: Ball 1-0: Swinging Strike 1-1: SINGLE (Line Drive, 9LM, EV 93.8 MPH) Tommy Boudreaux to second
|
Batting: RHB Joel Vazquez
|
0-0: Ball 1-0: Ball 2-0: Ball 3-0: Base on Balls Tommy Boudreaux to third Noel Young to second
|
Batting: LHB Danny Montoya
|
0-0: Called Strike 0-1: Ball 1-1: Ball 2-1: Ball 3-1: Called Strike 3-2: Fielders Choice at 2nd, 3-6 (Groundball, 34, EV 83.8 MPH) Tommy Boudreaux scores Noel Young to third
|
Batting: RHB Jose Diaz
|
0-0: Swinging Strike 0-1: Swinging Strike 0-2: Ball 1-2: Ball 2-2: Strikes out swinging
|
Top of the 6th over - 1 run, 1 hit, 1 error, 2 left on base; Lowell 2 - Chicago (NYP) 12 |
BOTTOM OF THE 6TH |
Chicago (NYP) White Sox batting - Pitching for Lowell Spinners : RHP Ricardo Bautista
|
Batting: LHB Wes Goscinski
|
0-0: Ball 1-0: Foul Ball, location: 2F 1-1: Ball 2-1: Swinging Strike 2-2: Foul Ball, location: 2F 2-2: Ball 3-2: Strikes out swinging
|
Pitching: RHP Josh Graham
|
|
Batting: LHB James Groshong
|
0-0: Ball 1-0: Ball 2-0: Ball 3-0: Called Strike 3-1: Base on Balls
|
Batting: SHB Jason Bresnahan
|
0-0: Ball 1-0: Ball 2-0: Foul Ball, location: 2F 2-1: Foul Ball, location: 2F 2-2: Ball 3-2: Base on Balls James Groshong to second
|
Batting: RHB David Laureano
|
0-0: Swinging Strike 0-1: Called Strike 0-2: Ball 1-2: Strikes out swinging
|
Batting: RHB Emil Wilbrink
|
0-0: Fly out, F3 (Popup, 34, EV 62.5 MPH)
|
Bottom of the 6th over - 0 runs, 0 hits, 0 errors, 2 left on base; Lowell 2 - Chicago (NYP) 12 |
TOP OF THE 7TH |
Lowell Spinners batting - Pitching for Chicago (NYP) White Sox : RHP Mike Cartwright
|
Batting: RHB Nick Cottrell
|
0-0: Called Strike 0-1: Ball 1-1: Ball 2-1: Foul Ball, location: 2F 2-2: Foul Ball, location: 2F 2-2: SINGLE (Groundball, 4MS, EV 67.5 MPH) (infield hit)
|
Batting: RHB Bobby Schimke
|
0-0: Called Strike Nick Cottrell steals 2nd base 0-1: Swinging Strike 0-2: Strikes out looking
|
Batting: RHB Billy Ratz
|
0-0: Called Strike 0-1: Swinging Strike 0-2: Ground out 4-3 (Groundball, 4, EV 78.8 MPH) Nick Cottrell to third
|
Pinch Hitting: SHB Jared Snyder
|
0-0: Ball 1-0: Ball 2-0: Called Strike 2-1: Ball 3-1: Base on Balls
|
Batting: RHB Tommy Boudreaux
|
0-0: Called Strike 0-1: Foul Ball, location: 2F 0-2: Fielders Choice at 2nd, U6 (Groundball, 6M, EV 112.5 MPH)
|
Top of the 7th over - 0 runs, 1 hit, 0 errors, 2 left on base; Lowell 2 - Chicago (NYP) 12 |
BOTTOM OF THE 7TH |
Chicago (NYP) White Sox batting - Pitching for Lowell Spinners : RHP Josh Graham
|
Now at 1B: Jared Snyder
|
|
Pinch Hitting: RHB Kevin Larsen
|
0-0: Ball 1-0: Ball 2-0: SINGLE (Groundball, 13, EV 85.6 MPH) (infield hit)
|
Batting: RHB Dusty Ballard
|
0-0: Swinging Strike 0-1: Ball 1-1: Called Strike 1-2: Ball 2-2: Strikes out swinging
|
Batting: LHB Brandon Hopper
|
0-0: Called Strike 0-1: Foul Ball, location: 2F 0-2: Hit by Pitch Kevin Larsen to second
|
Batting: LHB Jason Bell
|
0-0: Called Strike 0-1: Swinging Strike 0-2: Foul Ball, location: 2F 0-2: SINGLE (Groundball, 34D, EV 101.9 MPH) Kevin Larsen to third Brandon Hopper to second Throwing error, E9 Kevin Larsen scores Brandon Hopper to third Jason Bell to second
|
Pinch Hitting: RHB Jesse Loomis
|
0-0: Swinging Strike 0-1: Ball 1-1: 3-RUN HOME RUN (Flyball, 78XD, EV 106.9 MPH), Distance : 436 ft
|
Batting: LHB James Groshong
|
0-0: Ball 1-0: Ball 2-0: Called Strike 2-1: Fly out, F9 (Line Drive, 9D, EV 91.2 MPH)
|
Batting: SHB Jason Bresnahan
|
0-0: Ball 1-0: Ball 2-0: SINGLE (Groundball, 4M, EV 101.2 MPH)
|
Batting: RHB David Laureano
|
0-0: Ball 1-0: Swinging Strike 1-1: Fly out, F7 (Flyball, 78M, EV 93.1 MPH)
|
Bottom of the 7th over - 4 runs, 4 hits, 1 error, 1 left on base; Lowell 2 - Chicago (NYP) 16 |
TOP OF THE 8TH |
Lowell Spinners batting - Pitching for Chicago (NYP) White Sox : RHP Mike Cartwright
|
Now at 1B: Ray Walden
|
|
Now in LF: Kevin Larsen
|
|
Now in CF: Emil Wilbrink
|
|
Batting: LHB Noel Young
|
0-0: Fly out, F8 (Flyball, 8RM, EV 93.8 MPH)
|
Batting: RHB Joel Vazquez
|
0-0: Swinging Strike 0-1: Ball 1-1: Called Strike 1-2: Ball 2-2: Foul Ball, location: 2F 2-2: Fly out, F3 (Line Drive, 3, EV 61.2 MPH)
|
Batting: LHB Danny Montoya
|
0-0: Fly out, F7 (Flyball, 7LS, EV 81.9 MPH)
|
Top of the 8th over - 0 runs, 0 hits, 0 errors, 0 left on base; Lowell 2 - Chicago (NYP) 16 |
BOTTOM OF THE 8TH |
Chicago (NYP) White Sox batting - Pitching for Lowell Spinners : RHP Josh Graham
|
Batting: RHB Emil Wilbrink
|
0-0: Ball 1-0: Swinging Strike 1-1: Called Strike 1-2: Strikes out swinging
|
Batting: RHB Kevin Larsen
|
0-0: Ground out 4-3 (Groundball, 4M, EV 105.0 MPH)
|
Batting: RHB Dusty Ballard
|
0-0: Ground out 5-3 (Groundball, 56S, EV 60.6 MPH)
|
Bottom of the 8th over - 0 runs, 0 hits, 0 errors, 0 left on base; Lowell 2 - Chicago (NYP) 16 |
TOP OF THE 9TH |
Lowell Spinners batting - Pitching for Chicago (NYP) White Sox : RHP Mike Cartwright
|
Batting: RHB Jose Diaz
|
0-0: Ball 1-0: Swinging Strike 1-1: Ball 2-1: Foul Ball, location: 2F 2-2: Ground out U3 (Groundball, 34, EV 84.4 MPH)
|
Pitching: LHP Wang Jing
|
|
Batting: RHB Nick Cottrell
|
0-0: Called Strike 0-1: Ball 1-1: Ball 2-1: Called Strike 2-2: Ball 3-2: Base on Balls
|
Batting: RHB Bobby Schimke
|
0-0: Foul Ball, location: 2F 0-1: Foul Ball, location: 2F 0-2: Foul Ball, location: 2F 0-2: Strikes out looking
|
Batting: RHB Billy Ratz
|
0-0: Called Strike 0-1: Ground out 4-3 (Groundball, 4, EV 102.5 MPH)
|
Top of the 9th over - 0 runs, 0 hits, 0 errors, 1 left on base; Lowell 2 - Chicago (NYP) 16 |
|